 Dungeon Crawl Stone Soup version 0.30-a0-715-gdb4ae3ece1 (webtiles) character file.

Game seed: 5245317284333267597

7 OTABOTABOTAB the Shooter (level 2, 23/23 HPs)
             Began as a Formicid Hunter on Jan 23, 2023.
             Quit the game on level 1 of the Dungeon.
             The game lasted 00:00:50 (157 turns).

OTABOTABOTAB the Shooter (Formicid Hunter)           Turns: 157, Time: 00:00:51

Health: 23/23      AC:  3    Str: 15    XL:     2   Next: 5%
Magic:  2/2        EV: 12    Int:  8    God:
Gold:   9          SH:  0    Dex: 17    Spells: 1/1 levels left

rFire   . . .      SeeInvis +    a - +0 shortbow
rCold   . . .      Faith    .    (no shield)
rNeg    . . .      Spirit   .    c - +0 leather armour
rPois   .          Reflect  .    (helmet unavailable)
rElec   .          Harm     .    (no cloak)
rCorr   .          Rampage  .    (no gloves)
Will    .....                    (no boots)
Stlth   ++                       (no amulet)
HPRegen 0.23/turn                (no ring)
MPRegen 0.08/turn                (no ring)

@: no status effects
A: permanent stasis, dig shafts and tunnels, antennae 3, four strong arms
a: Dig, Shaft Self


You were on level 1 of the Dungeon.
You visited 1 branch of the dungeon, and saw 1 of its levels.

You collected 9 gold pieces.

Inventory:

Hand Weapons
 a - a +0 shortbow (weapon)
Armour
 c - a +0 leather armour (worn)
Scrolls
 K - a scroll of immolation {!r}
Potions
 M - a potion of might


   Skills:
 + Level 2.3 Fighting
 * Level 4.2 Ranged Weapons
 + Level 1.9 Dodging
 - Level 1.2 Stealth


You had one spell level left.
You didn't know any spells.
Your spell library was empty.

Dungeon Overview and Level Annotations

Branches:
Dungeon (1/15)

Altars:


Innate Abilities, Weirdness & Mutations

You cannot be hasted, slowed, berserked, paralysed or teleported.
You can dig through walls and to a lower floor.
You have a pair of large antennae on your head. (SInv)
Your four strong arms can wield two-handed weapons with a shield.


Message History

Bad channel name for runrest: 'Jiyva says: Divide and consume' Welcome, OTABOTABOTAB the Formicid Hunter.
Will you prevail where others failed? Will you find the Orb of Zot?
Found 4 gold pieces.
Found a staircase leading out of the dungeon.
You sense a monster nearby.
You now have 1 gold piece.
You now have 2 gold pieces (gained 1).
You now have 3 gold pieces (gained 1).
You now have 4 gold pieces (gained 1).
You open the door.
There is an open door here.
You open the door.
There is an open door here.
A rat comes into view.
You shoot an arrow. The arrow hits the rat.
You shoot an arrow. The arrow hits the rat.
You kill the rat!
No target in view!
You see here a rat corpse.
An endoplasm comes into view.
You shoot an arrow. The arrow hits the endoplasm.
The endoplasm quivers.
You shoot an arrow. The arrow hits the endoplasm!
You kill the endoplasm!
No target in view!
No target in view!
You now have 9 gold pieces (gained 5).
b - a scroll labelled MAXAEW JUOCZIO
d - a scroll labelled GETHRA RIEWOBO
e - a silvery potion
As you read the scroll labelled MAXAEW JUOCZIO, it crumbles to dust.
It is a scroll of identify.
e - a potion of might;
M - a potion of might
As you read the scroll labelled GETHRA RIEWOBO, it crumbles to dust.
You assume a fearsome visage.
Nothing appears to happen.
It was a scroll of fear.
You see here a +0 robe.
You open the door.
A ball python comes into view.
The ball python hisses angrily.
A ball python is nearby!
You shoot an arrow. The arrow hits the ball python.
You kill the ball python!
No target in view!
No target in view!
There is an open door here.
An endoplasm comes into view.
An endoplasm is nearby!
You shoot an arrow. The arrow hits the endoplasm!
You kill the endoplasm!
No target in view!
No target in view!
Found a stone staircase leading down.
Found a stone staircase leading down.
No target in view!
A bat comes into view.
You shoot an arrow. The arrow hits the bat.
You kill the bat!
No target in view!
No target in view!
You sense a monster nearby.
You see here a +0 dagger.
A hobgoblin comes into view.
You shoot an arrow. The arrow hits the hobgoblin!
You kill the hobgoblin!
A bat comes into view.
You have reached level 2!
Health restored: 23; MP restored: 2 You shoot an arrow.
The arrow hits the bat!
You kill the bat!
No target in view!
No target in view!

###########
.$.....@..#
#####..##.# ....†
#.#### ...##..
#....# ##
#.######)#####
....####.....###
...#.#.....#....#
.#.#.#.#.#.#..#.#
#.......#..#.#


There were no monsters in sight!

Vanquished Creatures
  2 endoplasms (D:1)
  A hobgoblin (D:1)
  A ball python (D:1)
  2 bats (D:1)
  A rat (D:1)
7 creatures vanquished.

Notes
Turn   | Place    | Note
-------+----------+-------------------------------------------
     0 | D:1      | OTABOTABOTAB the Formicid Hunter began the quest for the
                  | Orb.
     0 | D:1      | Reached XP level 1. HP: 16/16 MP: 1/1
   156 | D:1      | Reached XP level 2. HP: 23/23 MP: 2/2
   157 | D:1      | Quit the game

Illustrated notes

Levels and vault maps discovered:
D:1:      giann_wishing_wells, layout_basic

Action                     || total
---------------------------++-------
   Fire: Shortbow          ||     9
    Use: Scroll            ||     2

Table legend: (Time is in decaauts)
 A = Elapsed time spent in this place.
 B = Non-inter-level travel time spent in this place.
 C = Inter-level travel time spent in this place.
 D = Time resting spent in this place.
 E = Time spent auto-exploring this place.
 F = Levels seen in this place.
 G = Mean time per level.
                   A        B        C        D        E       F      G
               +--------+--------+--------+--------+--------+-----+--------+
         Total |    159 |    159 |      0 |      0 |    132 |   1 |  159.0 |
       Dungeon |    159 |    159 |      0 |      0 |    132 |   1 |  159.0 |
               +--------+--------+--------+--------+--------+-----+--------+

Top non-repeatable levels by time:
     D:1: 159 daAuts

Table legend:
 A = Kills in this place as a percentage of kills in entire the game.
 B = Kills by you in this place as a percentage of kills by you in the entire game.
 C = Kills by friends in this place as a percentage of kills by friends in the entire game.
 D = Other kills in this place as a percentage of other kills in the entire game.
 E = Experience gained in this place as a percentage of experience gained in the entire game.
 F = Experience gained in this place divided by the number of levels of this place that you have seen.
                   A       B       C       D       E      F
               +-------+-------+-------+-------+-------+----------------------
         Total | 100.0 | 100.0 |   N/A |   N/A | 100.0 |  10.0
       Dungeon | 100.0 | 100.0 |   N/A |   N/A | 100.0 |  10.0
               +-------+-------+-------+-------+-------+----------------------
